 Dungeon Crawl Stone Soup version 0.26-a0-1132-ge9770dfcb6 (webtiles) character file.

Game seed: 14393249128500776739

40 raph the Firebug (level 3, -8/19 HPs)
             Began as a Deep Elf Fire Elementalist on Dec 19, 2020.
             Killed from afar by an orc wizard (10 damage)
             ... with a magic dart
             ... on level 2 of the Dungeon.
             The game lasted 00:02:45 (1055 turns).

raph the Firebug (Deep Elf Fire Elementalist)       Turns: 1055, Time: 00:02:45

Health: -8/19      AC:  4    Str:  6    XL:     3   Next: 30%
Magic:  13/18      EV: 13    Int: 19    God:
Gold:   103        SH:  0    Dex: 15    Spells: 7/8 levels left

rFire    . . .     SeeInvis .   b - +0 short sword
rCold    . . .     Faith    .   (no shield)
rNeg     . . .     Spirit   .   a - +0 robe
rPois    .         Reflect  .   g - +1 helmet
rElec    .         Harm     .   (no cloak)
rCorr    .         Rampage  .   (no gloves)
Will     .....                  (no boots)
Stlth    ++........             (no amulet)
HPRegen  0.06/turn              i - ring of magical power
MPRegen  0.16/turn              (no ring)

@: very slightly contaminated
A: no striking features
a: no special abilities


You were on level 2 of the Dungeon.
You visited 1 branch of the dungeon, and saw 2 of its levels.

You collected 103 gold pieces.

Inventory:

Hand Weapons
 b - a +0 short sword (weapon)
Missiles
 l - 5 javelins
Armour
 a - a +0 robe (worn)
 g - a +1 helmet (worn)
Jewellery
 i - a ring of magical power (left hand)
Scrolls
 c - 3 scrolls of identify {unknown}
 f - 2 scrolls of remove curse {unknown}
 h - a scroll of random uselessness {unknown}
 j - 3 scrolls of teleportation {unknown}
 k - a scroll of immolation {unknown}
Potions
 d - a potion of flight {unknown}
 e - 3 potions of curing {unknown}
 m - a potion of lignification {unknown}
 n - a potion of heal wounds {unknown}
 o - a potion of brilliance {unknown}


   Skills:
 + Level 2.7 Dodging
 + Level 2.9 Stealth
 + Level 3.2 Spellcasting
 * Level 2.2 Conjurations
 * Level 3.8 Fire Magic


You had 7 spell levels left.
You knew the following spells:

 Your Spells              Type           Power        Failure   Level
a - Foxfire               Conj/Fire      56%          4%          1

Your spell library contained the following spells:

 Spells                   Type           Power        Failure   Level
 Conjure Flame            Conj/Fire      14%          13%         3
 Inner Flame              Hex/Fire       10%          21%         3
 Sticky Flame             Conj/Fire      14%          38%         4
 Fireball                 Conj/Fire      7%           75%         5


Dungeon Overview and Level Annotations

Branches:
Dungeon (2/15)

Altars:


Message History

Confirm with . or Enter, or press ? or * to list all spells.
You miscast Foxfire.
You are very lightly contaminated with residual magic.
Nothing appears to happen.
An orc comes into view. It is wielding a +0 whip.
Casting: Foxfire (safe; 4% risk of failure)
Confirm with . or Enter, or press ? or * to list all spells.
You conjure some foxfire!
The orc wizard casts a cantrip, but nothing happens.
The orc warrior hits you from afar with a cursed +0 halberd!
Ouch! That really hurt!
* * * LOW HITPOINT WARNING * * *
The foxfire hits the orc warrior but does no damage.
The orc warrior is heavily wounded.
The foxfire hits the orc warrior but does no damage.
The orc warrior is heavily wounded.
The orc wizard gestures at you while chanting.
The magic dart hits you!
Ouch! That really hurt!
You die...

#.<###.........#
...)..........[##..........
##.####........##..........
#.# #.........#.........(
#.# #.........#...o......
... #.........#.o.o.)....
.## #.........#.......... .
#............o....... ..
)..........@..........
##...........ยง..######
#..............#
#######........# #........#
#........# #........#
#........# #........#


You could see an orc warrior, 2 orc wizards and an orc.

Vanquished Creatures
  A dart slug (D:1)
  A leopard gecko (D:1)
  An orc (D:2)
  3 bats (D:1)
  2 giant cockroaches
  4 goblins
  7 hobgoblins
  7 kobolds
  A frilled lizard (D:2)
  3 rats
  2 toadstools (D:1)
32 creatures vanquished.

Vanquished Creatures (others)
  84 foxfires
  2 toadstools (D:1)
86 creatures vanquished.

Grand Total: 118 creatures vanquished

Notes
Turn   | Place    | Note
-------+----------+-------------------------------------------
     0 | D:1      | raph the Deep Elf Fire Elementalist began the quest for the
                  | Orb.
     0 | D:1      | Reached XP level 1. HP: 10/10 MP: 6/6
   100 | D:1      | Reached XP level 2. HP: 15/15 MP: 5/8
   914 | D:2      | Reached XP level 3. HP: 19/19 MP: 9/9
  1047 | D:2      | Noticed an orc warrior
  1055 | D:2      | Killed from afar by an orc wizard

Illustrated notes

Levels and vault maps discovered:
D:1:      ldierk_water_garden, layout_rooms, minmay_tetromino_s4
D:2:      layout_basic, uniq_natasha

Skill      XL: |  1  2 |
---------------+-------+-----
Conjurations   | 2 |  2.2
Dodging        | |  2.7
Stealth        | |  2.9
Spellcasting   | |  3.2
Fire Magic     | |  3.8

Action                   || total
-------------------------++-------
Melee: Unarmed           ||     4
       Short sword       ||     4
 Cast: Foxfire           ||    50
 Stab: Sleeping          ||     1
Armor: Robe              ||     2
Dodge: Dodged            ||     6

Table legend: (Time is in decaauts)
 A = Elapsed time spent in this place.
 B = Non-inter-level travel time spent in this place.
 C = Inter-level travel time spent in this place.
 D = Time resting spent in this place.
 E = Time spent auto-exploring this place.
 F = Levels seen in this place.
 G = Mean time per level.
                   A        B        C        D        E       F      G
               +--------+--------+--------+--------+--------+-----+--------+
         Total |   1054 |   1010 |     44 |    352 |    337 |   2 |  527.0 |
       Dungeon |   1054 |   1010 |     44 |    352 |    337 |   2 |  527.0 |
               +--------+--------+--------+--------+--------+-----+--------+

Top non-repeatable levels by time:
     D:1: 910 daAuts
     D:2: 143 daAuts
